cohdb
Replays
Latest Replays
All Replays
Popular Replays
Top Player Replays
Match Explorer
How It Works
Community
CoH3 Stats
Reddit
Sign in to upload your games and track your stats! →
Sign in with Steam
Match 41879119
Unlisted
Match 41879119
Overview
Messages
Build Orders
End
Construct Barracks
Selects Armored Battlegroup
Selects Veteran Crews
1⁄4-ton 4x4 Truck
Riflemen Squad
Riflemen Squad
Grenade Package
Riflemen Squad
Air Support Center
Construct Medical Station
Selects M31 Recovery Vehicle
P-47 Strafing Run
Construct Motor Pool
Grasshopper Recon Run
Engineer Squad
P-47 Strafing Run
M24 Chaffee Light Tank
Grasshopper Recon Run
P-47 Strafing Run
P-47 Dive Bomb
Selects War Machine
Selects Fast Deploy
M1 Anti-tank Gun Team
Grasshopper Recon Run
P-47 Strafing Run
Construct Tank Depot
Grasshopper Recon Run
P-47 Strafing Run
M31 Recovery Vehicle
P-47 Dive Bomb
P-47 Strafing Run
M1 Anti-tank Gun Team
Selects Seek and Destroy
Riflemen Squad
M1 Anti-tank Gun Team
Selects UNKNOWN (2160077)
M4A3E8 Sherman Easy Eight
M31 Recovery Vehicle
Manupktd
Kylen
runningDuck
peace
M4X
WunderWaflya
Королева PizdаliSov
Sanchorus
0
0
Comments
sign in to comment!
No comments posted yet!